 Dungeon Crawl Stone Soup version 0.25-a0-517-gf8b3a32422 (webtiles) character file.

Game seed: 15218021474621280551, levelgen mode: deterministic

307 drasked the Magician (level 6, -7/32 HPs)
             Began as a Deep Elf Wizard on Feb 18, 2020.
             Was a Follower of Vehumet.
             Killed by nerve-wracking pain
             ... invoked by a shadow imp
              (14 damage)
             ... in a sewer.
             The game lasted 00:13:01 (3883 turns).

drasked the Magician (Deep Elf Wizard)              Turns: 3883, Time: 00:13:02

Health: -7/32      AC:  7    Str:  4    XL:     6   Next: 16%
Magic:  5/18       EV: 13    Int: 25    God:    Vehumet [*.....]
Gold:   137        SH:  0    Dex: 13    Spells: 11/19 levels left

rFire    . . .     SeeInvis +   f - +0 mace
rCold    . . .     Gourm    .   (no shield)
rNeg     . . .     Faith    .   a - +0 robe
rPois    .         Spirit   .   v - +2 helmet {SInv} {sInv}
rElec    .         Reflect  .   m - +0 cloak
rCorr    .         Harm     .   q - +0 pair of gloves
MR       .....                  (no boots)
Stlth    ++........             (no amulet)
HPRegen  0.10/turn              (no ring)
MPRegen  0.16/turn              (no ring)

@: very slightly contaminated
A: no striking features
a: Renounce Religion


You were in a sewer.
You worshipped Vehumet.
Vehumet was aware of your devotion.
You were not hungry.

You visited 1 branch of the dungeon, and saw 3 of its levels.
You also visited: Sewer.

You collected 137 gold pieces.

Inventory:

Hand Weapons
 f - a +0 mace (weapon)
   (You found it on level 1 of the Dungeon)
Armour
 a - a +0 robe (worn)
 m - a +0 cloak (worn)
   (You found it on level 1 of the Dungeon)
 q - a +0 pair of gloves (worn)
   (You found it on level 2 of the Dungeon)
 v - a +2 helmet of see invisible (worn) {sInv}
   (You found it on level 2 of the Dungeon)
Jewellery
 o - an uncursed ring of poison resistance {unknown}
   (You found it on level 1 of the Dungeon)
Scrolls
 c - 3 scrolls of magic mapping {unknown}
 d - a scroll of fear {unknown}
 l - a scroll of immolation {unknown}
 n - 3 scrolls of teleportation {unknown}
 p - 4 scrolls of remove curse {unknown}
 r - 2 scrolls of identify {unknown}
 s - 2 scrolls of enchant weapon {unknown}
Potions
 b - a potion of haste {unknown}
 g - a potion of magic {unknown}
 h - a potion of brilliance {unknown}
 i - a potion of heal wounds {unknown}
 j - 2 potions of curing
 k - 4 potions of flight {unknown}
 t - a potion of ambrosia {unknown}
Comestibles
 e - 5 rations


   Skills:
 - Level 2.4 Dodging
 - Level 2.4 Stealth
 - Level 7.0 Spellcasting
 + Level 3.6 Conjurations
 - Level 1.1 Summonings
 - Level 1.1 Translocations
 - Level 2.0 Air Magic
 - Level 2.2 Poison Magic


You had 11 spell levels left.
You knew the following spells:

 Your Spells              Type           Power        Failure   Level  Hunger
a - Magic Dart            Conj           ####         1%          1    None
b - Blink                 Tloc           N/A          6%          2    None
c - Call Imp              Summ           ##......     6%          2    None
x - Mephitic Cloud        Conj/Pois/Air  ###.....     7%          3    None

Your spell library contained the following spells:

 Spells                   Type           Power        Failure   Level  Hunger
 Freeze                   Ice            #...         7%          1    None
 Slow                     Hex            #.......     10%         2    None
 Conjure Flame            Conj/Fire      ###.....     10%         3    None


Dungeon Overview and Level Annotations

Branches:
Dungeon (3/15)              Sewer (1/1)

Altars:
Qazlal
Vehumet

Annotations:
Sewer Grinder


Message History

Aim: a kobold, wielding a +0 club (hasn't noticed you)
The magic dart hits the kobold.
Aim: a kobold, wielding a +0 club (moderately wounded)
The magic dart hits the kobold but does no damage.
Aim: a kobold, wielding a +0 club (moderately wounded)
The magic dart hits the kobold.
Aim: a kobold, wielding a +0 club (heavily wounded)
The magic dart hits the kobold.
You kill the kobold!
You feel your power returning.
k - 4 orange potions (gained 3)
r - 2 scrolls labeled AGENUO SEW IRU (gained 1)
Things that are here:
a +0 club; a kobold corpse A kobold comes into view.
It is wielding a +0 short sword.
A shadow imp comes into view.
The shadow imp shouts!
Grinder shouts!
The kobold shouts!
The shadow imp gestures at you.
You struggle to resist.
Grinder blinks!
Items here: ( ))) a +0 club x2; a +0 dagger; 9 stones Grinder zaps a wand.
You resist with some effort.
The now-empty wand crumbles to dust.
Aim: Grinder
Okay, then.
Aim: Grinder The ball explodes into a vile cloud!
The stinking cloud engulfs Grinder but does no damage.
You hear a shout!
Grinder gestures at you. You resist with some effort.
Aim: Grinder (noxious fumes)
The magic dart hits Grinder.
A big kobold comes into view. It is wielding a +0 short sword.
Aim: Grinder (noxious fumes, lightly wounded)
The magic dart hits Grinder.
Grinder hits you.
Aim: Grinder (noxious fumes, lightly wounded)
The magic dart hits Grinder.
Grinder hits you.
You writhe in agony.
Aim: Grinder (noxious fumes, lightly wounded)
The magic dart hits Grinder but does no damage.
Grinder hits you but does no damage.
Aim: Grinder (noxious fumes, lightly wounded)
You miscast Magic Dart.
You are very lightly contaminated with residual magic.
Nothing appears to happen.
Grinder misses you.
Aim: Grinder (noxious fumes, lightly wounded)
The magic dart hits Grinder.
Grinder hits you.
* * * LOW HITPOINT WARNING * * *
Aim: Grinder (moderately wounded)
The magic dart hits Grinder.
Grinder hits you.
* * * LOW HITPOINT WARNING * * *
You writhe in agony.
* * * LOW HITPOINT WARNING * * *
Things that are here:
a +0 club; a kobold corpse
There is an open door here.
Grinder says, "There's only one good use for a tongue: cutting it out."
Grinder gestures at you. Pain shoots through your body!
* * * LOW HITPOINT WARNING * * *
Grinder says, "You look like you could use a good racking."
Grinder blinks!
You miscast Mephitic Cloud.
Nothing appears to happen.
Aim: a big kobold, wielding a +0 short sword The ball explodes into a vile cloud!
The stinking cloud engulfs the big kobold but does no damage.
* * * LOW MAGIC WARNING * * *
The big kobold is engulfed in noxious fumes.
The big kobold appears confused.
The big kobold is engulfed in noxious fumes.
The big kobold appears confused.
The big kobold drinks a potion.
The big kobold is healed!
The big kobold seems less confused.
The big kobold is engulfed in noxious fumes.
The big kobold appears confused.
The big kobold hits the shadow imp with a +0 short sword.
The big kobold barely misses itself.
Grinder blinks!
Grinder blinks!
You see here a +0 short sword.
A beastly little devil appears in a puff of flame.
* * * LOW MAGIC WARNING * * *
What are your orders? t - Shout!
Orders for allies: a - Attack new target. r - Retreat! s - Stop attacking. g - Guard the area. f - Follow me.
Anything else - Cancel.
Gang up on whom?
Aim: a shadow imp (moderately wounded) Attack!
Your crimson imp blinks!
A beastly little devil appears in a puff of flame.
* * * LOW MAGIC WARNING * * *
Your crimson imp blinks!
Grinder closely misses your crimson imp.
The shadow imp shouts, "Embrace thy failure, thou brittle elf-skinned yak-dropping!"
The shadow imp gestures at you. Pain shoots through your body!
You die...

##### ##...## #..∩..# #..∩(.#
#.....# ##...##
#######################.###
≈≈≈≈≈≈≈#..5..@........)...#
≈≈≈≈≈≈≈..≈5≈≈≈≈≈≈≈≈≈≈≈≈≈.≈#
≈≈≈≈≈≈≈#.5≈≈≈≈≈≈≈≈≈≈≈≈≈≈≈≈#
###########.≈≈################
≈≈≈≈≈≈≈≈≈≈#..≈#
≈≈≈≈≈≈≈≈≈≈#.≈≈#
≈≈≈≈≈≈≈≈≈≈#..≈#
≈≈≈≈≈≈≈≈≈≈#5≈≈#
≈≈≈≈≈≈≈≈≈≈#.≈≈#


You could see Grinder, a shadow imp and 2 friendly crimson imps.

Levels and vault maps discovered:
D:1:      psy_arrival_fountain, layout_loops_ring
D:2:      layout_basic, nicolae_overflow_crystal_walls, grunt_qazlal_sundering,
          kennysheep_nub, dk_noncrumbling_4, uniq_natasha
D:3:      layout_basic, nicolae_overflow_hidden_temple, portal_sewer_entry_a,
          eino_tiny_chamber
Sewer:    kennysheep_sewer_church

Notes
Turn   | Place    | Note
-------+----------+-------------------------------------------
     0 | D:1      | drasked the Deep Elf Wizard began the quest for the Orb.
     0 | D:1      | Reached XP level 1. HP: 10/10 MP: 7/7
    77 | D:1      | Identified a +0 mace (You found it on level 1 of the
                  | Dungeon)
   136 | D:1      | Identified a +0 flail
   143 | D:1      | Reached skill level 5 in Spellcasting
   143 | D:1      | Reached XP level 2. HP: 15/15 MP: 0/10
   558 | D:1      | Identified a +0 club
   693 | D:1      | Identified a +0 dagger
   992 | D:2      | Identified a +0 club
   993 | D:2      | Identified a +2 vampiric dagger
  1024 | D:2      | Reached skill level 2 in Conjurations
  1121 | D:2      | Identified a +0 dagger
  1150 | D:2      | Noticed Natasha
  1206 | D:2      | Found a radiant altar of Vehumet.
  1206 | D:2      | Identified a +0 club
  1209 | D:2      | Reached XP level 3. HP: 19/19 MP: 8/11
  1216 | D:2      | Became a worshipper of Vehumet
  1243 | D:2      | Found a stormy altar of Qazlal.
  1249 | D:2      | Identified a +0 short sword
  1298 | D:2      | Identified a +0 cloak (You found it on level 1 of the
                  | Dungeon)
  1303 | D:2      | Identified a +0 pair of gloves (You found it on level 2 of
                  | the Dungeon)
  1779 | D:2      | Identified a +0 club
  1843 | D:2      | Identified a +0 dagger
  1845 | D:2      | Reached skill level 6 in Spellcasting
  1858 | D:2      | Identified a +2 helmet of see invisible (You found it on
                  | level 2 of the Dungeon)
  1967 | D:2      | Identified a +0 club
  2207 | D:2      | Identified a +0 club
  2442 | D:2      | Learned a level 2 spell: Blink
  2445 | D:2      | Learned a level 2 spell: Call Imp
  2449 | D:2      | Learned a level 3 spell: Mephitic Cloud
  2461 | D:2      | Killed Natasha
  2461 | D:2      | Reached XP level 4. HP: 24/24 MP: 3/14
  2556 | D:3      | Found a glowing drain.
  2577 | Sewer    | Entered a sewer
  2579 | Sewer    | Identified a +0 club
  2581 | Sewer    | Reached * piety under Vehumet
  2581 | Sewer    | Offered knowledge of Freeze by Vehumet.
  2729 | Sewer    | Identified a +0 short sword
  2731 | Sewer    | Reached skill level 1 in Poison Magic
  2910 | Sewer    | Identified a +0 dagger
  2912 | Sewer    | Reached skill level 1 in Air Magic
  2912 | Sewer    | Reached XP level 5. HP: 27/28 MP: 13/16
  2925 | Sewer    | Reached skill level 3 in Conjurations
  3024 | Sewer    | Identified a +0 whip
  3024 | Sewer    | Identified a +0 short sword
  3063 | Sewer    | Found an ancient bone altar of Kikubaaqudgha.
  3063 | Sewer    | Identified a +0 club
  3063 | Sewer    | Identified a +0 club
  3063 | Sewer    | Identified a +0 dagger
  3081 | Sewer    | Reached skill level 7 in Spellcasting
  3178 | Sewer    | Noticed Grinder
  3193 | Sewer    | Paralysed by Grinder for 4 turns
  3197 | Sewer    | Identified a +0 short sword
  3211 | Sewer    | Paralysed by Grinder for 7 turns
  3213 | Sewer    | Noticed a necrophage
  3216 | Sewer    | HP: 1/28 [Grinder (9)]
  3270 | Sewer    | HP: 3/28 [necrophage (3)]
  3281 | Sewer    | Killed a necrophage
  3281 | Sewer    | Reached skill level 2 in Poison Magic
  3281 | Sewer    | Reached XP level 6. HP: 5/32 MP: 10/18
  3616 | Sewer    | Identified a +0 club
  3626 | Sewer    | Reached skill level 2 in Air Magic
  3828 | Sewer    | Identified a +0 short sword
  3832 | Sewer    | Identified a +0 short sword
  3848 | Sewer    | HP: 3/32 [Grinder/nerve-wracking pain (12)]
  3883 | Sewer    | Killed from afar by a shadow imp

Table legend:
 A = Turns spent in this place as a percentage of turns spent in the entire game.
 B = Non-inter-level travel turns spent in this place as a percentage of non-inter-level travel turns spent in the entire game.
 C = Inter-level travel turns spent in this place as a percentage of turns spent in this place.
 D = Turns resting spent in this place as a percentage of non-inter-level travel turns spent in this place.
 E = Turns spent auto-exploring this place as a percentage of non-inter-level travel turns spent in this place.
 F = Non-inter-level travel turns spent in this place divided by the number of levels of this place that you've seen.
                   A       B       C       D       E      F
               +-------+-------+-------+-------+-------+----------------------
         Total | 100.0 | 100.0 |   1.2 |  41.9 |  41.5 | 959.5
       Dungeon |  66.4 |  66.0 |   1.7 |  32.5 |  56.1 | 844.0
         Sewer |  33.6 |  34.0 |   0.0 |  60.1 |  13.2 | 1306.0
               +-------+-------+-------+-------+-------+----------------------

Table legend:
 A = Kills in this place as a percentage of kills in entire the game.
 B = Kills by you in this place as a percentage of kills by you in the entire game.
 C = Kills by friends in this place as a percentage of kills by friends in the entire game.
 D = Other kills in this place as a percentage of other kills in the entire game.
 E = Experience gained in this place as a percentage of experience gained in the entire game.
 F = Experience gained in this place divided by the number of levels of this place that you have seen.
                   A       B       C       D       E      F
               +-------+-------+-------+-------+-------+----------------------
         Total | 100.0 | 100.0 | 100.0 |   N/A | 100.0 | 109.8
       Dungeon |  55.7 |  56.5 |   0.0 |   N/A |  31.7 |  46.3
         Sewer |  44.3 |  43.5 | 100.0 |   N/A |  68.3 | 300.0
               +-------+-------+-------+-------+-------+----------------------

Skill      XL: |  1  2  3  4  5  6 |
---------------+-------------------+-----
Spellcasting   | 5 6 7 |  7.0
Conjurations   | 2 3 |  3.6
Poison Magic   | 1 2 |  2.2
Air Magic      | 1 2 |  2.0
Dodging        | |  2.4
Stealth        | |  2.4
Summonings     | |  1.1
Translocations | |  1.1

Action                   |  1- 3 |  4- 6 || total
-------------------------+-------+-------++-------
Melee: Mace              |     3 |       ||     3
       Unarmed           |       |     7 ||     7
 Cast: Magic Dart        |    98 |   104 ||   202
       Call Imp          |     2 |     5 ||     7
       Mephitic Cloud    |     1 |     3 ||     4
  Eat: Chunk             |     4 |     2 ||     6
       Ration            |       |     1 ||     1
Armor: Robe              |     4 |    19 ||    23
       Skin              |       |     5 ||     5
Dodge: Dodged            |    13 |    45 ||    58

Vanquished Creatures
  A big kobold (Sewer)
  Natasha (D:2)
  2 big kobold zombies (Sewer)
  A gnoll (D:1)
  2 adders
  3 shadow imps (Sewer)
  An ooze (Sewer)
  3 ufetubi (Sewer)
  An adder zombie (Sewer)
  3 worms (D:2)
  A leopard gecko (D:2)
  7 bats
  A giant cockroach (D:2)
  5 goblins
  5 hobgoblins
  20 kobolds
  2 ball pythons
  5 frilled lizards (D:2)
  A kobold zombie (Sewer)
  4 rats
69 creatures vanquished.

Vanquished Creatures (collateral kills)
  A necrophage (Sewer)
1 creature vanquished.

Grand Total: 70 creatures vanquished
